 Dungeon Crawl Stone Soup version 0.28.0-45-g0d030f2227 (webtiles) character file.

Game seed: 14042832180787602631

173 sking99 the Digger (level 5, -1/29 HPs)
             Began as a Deep Elf Earth Elementalist on May 20, 2022.
             Was an Initiate of Fedhas.
             Slain by an orc wizard
             ... wielding a +3 dagger of freezing
              (2 damage)
             ... on level 3 of the Dungeon.
             The game lasted 00:05:28 (2452 turns).

sking99 the Digger (Deep Elf Earth Elementalist)    Turns: 2452, Time: 00:05:29

Health: -1/29      AC:  2    Str:  7    XL:     5   Next: 28%
Magic:  1/11       EV: 13    Int: 20    God:    Fedhas [......]
Gold:   54         SH:  0    Dex: 15    Spells: 0/10 levels left

rFire   . . .      SeeInvis .   g - +2 whip (flame)
rCold   . . .      Faith    .   (no shield)
rNeg    . . .      Spirit   .   b - +0 robe
rPois   .          Reflect  .   (no helmet)
rElec   .          Harm     .   (no cloak)
rCorr   .          Rampage  .   (no gloves)
Will    .....                   (no boots)
Stlth   ++........              (no amulet)
HPRegen 0.09/turn               (no ring)
MPRegen 0.12/turn               (no ring)

@: no status effects
A: no striking features
a: Renounce Religion


You were on level 3 of the Dungeon.
You worshipped Fedhas.
Fedhas was noncommittal.
You visited 1 branch of the dungeon, and saw 3 of its levels.

You collected 54 gold pieces.

Inventory:

Hand Weapons
 g - a +2 whip of flaming (weapon)
Missiles
 c - 41 stones
Armour
 b - a +0 robe (worn)
Scrolls
 a - a scroll of silence {unknown}
 e - a scroll of torment {unknown}
 f - 2 scrolls of identify {unknown}
 h - a scroll of blinking {unknown}
 i - a scroll of immolation {unknown}
 j - a scroll of amnesia {unknown}
 k - a scroll of teleportation {unknown}
Potions
 d - a potion of lignification {unknown}
 l - a potion of berserk rage {unknown}


   Skills:
 + Level 1.1 Fighting
 - Level 3.0 Dodging
 - Level 3.1 Stealth
 - Level 3.0 Spellcasting
 + Level 1.5 Conjurations
 - Level 2.0 Transmutations
 * Level 4.9 Earth Magic
 + Level 1.3 Invocations


You couldn't memorise any spells.
You knew the following spells:

 Your Spells              Type           Power      Damage    Failure   Level
a - Sandblast             Erth           44%        2d11      1%          1
b - Stone Arrow           Conj/Erth      32%        3d9       11%         3
c - Passwall              Tmut/Erth      13%        N/A       5%          2
d - Leda's Liquefaction   Hex/Erth       6%         N/A       45%         4

Your spell library contained the following spells:

 Spells                   Type           Power      Damage    Failure   Level
 Ensorcelled Hibernation  Hex/Ice        6%         N/A       22%         2
 Petrify                  Tmut/Erth      16%        N/A       34%         4
 Call Canine Familiar     Summ           3%         N/A       38%         3
 Portal Projectile        Hex/Tloc       6%         N/A       38%         3


Dungeon Overview and Level Annotations

Branches:
Dungeon (3/15)

Altars:
Fedhas
Ru


Message History

Casting: Sandblast (safe; 1% risk of failure)
Confirm with . or Enter, or press ? or * to list all spells.
Aiming: Sandblast (safe; 1% risk of failure)
Press: ? - help, Shift-Dir - straight line, f/p - orc
Aim: an orc, wielding a +0 whip and wearing a +0 scale mail (83% to hit)
The blast of sand hits the orc but does no damage.
Something hits you. Something freezes you.
Casting: Sandblast (safe; 1% risk of failure)
Confirm with . or Enter, or press ? or * to list all spells.
Aiming: Sandblast (safe; 1% risk of failure)
Press: ? - help, Shift-Dir - straight line, f/p - orc
Aim: an orc, wielding a +0 whip and wearing a +0 scale mail (83% to hit)
The blast of sand hits the orc.
The orc is heavily wounded.
The orc hits you but does no damage. Something hits you. Something freezes you.
You barely miss the orc.
The orc is heavily wounded.
The orc hits you with a +0 whip.
You hear some strange, mumbled words.
You are confused.
You hit the orc but do no damage.
The orc is heavily wounded.
The orc closely misses you.
You hear some strange, mumbled words.
A puff of flame appears from out of thin air!
The puff of flame hits you.
Okay, then.
Found a scroll labelled JORO WETTUAPH.
Something hits you. Something freezes you.
* * * LOW HITPOINT WARNING * * *
You bump into the rock wall.
The orc closely misses you.
You hear some strange, mumbled words.
A puff of flame appears from out of thin air!
The puff of flame hits you!
* * * LOW HITPOINT WARNING * * *
You bump into the rock wall.
You feel less confused. The orc barely misses you. Something hits you.
You die...
Fedhas appreciates your contribution to the ecosystem.

### #.# ..#
########## #[#
#.>......# #.#
###.######.#
##@#######
(##.# #.#
#.o{.....?
.##.#
#.#.##..#######
.##.#
#.#.##.........
....#
#.#.##.#)######
..###
#.#.##.#.)...
≈..#
#.#.#..#.#...
≈≈.##
#.#.#..#.#.###
≈≈..##
#.#.##.#.#<..#


You could see an orc.

Vanquished Creatures
  A scorpion (D:3)
  An orc priest (D:3)
  Jessica (D:2)
  2 adders (D:3)
  An ufetubus (D:3)
  A dart slug (D:2)
  3 orcs (D:3)
  2 ball pythons
  2 bats (D:3)
  3 endoplasms
  A giant cockroach (D:2)
  2 goblins
  A hobgoblin (D:1)
  A jackal (D:1)
  6 quokkas
  3 frilled lizards
  2 kobolds (D:2)
  4 rats
37 creatures vanquished.

Notes
Turn   | Place    | Note
-------+----------+-------------------------------------------
     0 | D:1      | sking99 the Deep Elf Earth Elementalist began the quest for
                  | the Orb.
     0 | D:1      | Reached XP level 1. HP: 10/10 MP: 6/6
   748 | D:1      | Reached XP level 2. HP: 15/15 MP: 5/8
  1071 | D:2      | Noticed a great orb of eyes
  1072 | D:2      | Found a faded altar of an unknown god.
  1074 | D:2      | Noticed a golden eye
  1074 | D:2      | Noticed a golden eye
  1074 | D:2      | Noticed a golden eye
  1451 | D:2      | Identified the +2 leather armour of Rotation {Rampage
                  | Regen+ Str-4 Int-2}
  1635 | D:2      | Noticed Jessica
  1639 | D:2      | Killed Jessica
  1640 | D:2      | Reached skill level 4 in Earth Magic
  1640 | D:2      | Reached XP level 3. HP: 19/19 MP: 7/9
  1644 | D:2      | Got Jessica's Papyrus of Enchantment
  1680 | D:2      | Learned a level 3 spell: Stone Arrow
  1926 | D:3      | Found a sacrificial altar of Ru.
  1979 | D:3      | Found a blossoming altar of Fedhas.
  2005 | D:3      | Became a worshipper of Fedhas Madash
  2098 | D:3      | Noticed a scorpion
  2110 | D:3      | Killed a scorpion
  2111 | D:3      | Reached skill level 1 in Conjurations
  2111 | D:3      | Reached XP level 4. HP: 24/24 MP: 5/10
  2251 | D:3      | Reached skill level 1 in Invocations
  2300 | D:3      | Reached XP level 5. HP: 28/28 MP: 8/11
  2324 | D:3      | Learned a level 2 spell: Passwall
  2329 | D:3      | Learned a level 4 spell: Leda's Liquefaction
  2347 | D:3      | Reached skill level 1 in Fighting
  2451 | D:3      | HP: 1/29 [something/puff of flame (7)]
  2452 | D:3      | Slain by an orc wizard

Illustrated notes

Levels and vault maps discovered:
D:1:      eino_arrival_tree_alley, layout_basic, serial_bayou,
          serial_bayou_lake_a, serial_bayou_pond_d, serial_bayou_pond_b,
          serial_bayou_pond_e, serial_bayou_pond_e
D:2:      layout_loops_cross, hellmonk_ecumenical_altar_watching_god,
          kennysheep_jessica_study, uniq_jessica
D:3:      layout_basic, mainiacjoe_overflow_cross_hatched, fedhas_ov_isle_minmay

Skill      XL: |  1  2  3  4  5 |
---------------+----------------+-----
Dodging        | 3 |  3.0
Stealth        | 3 |  3.1
Earth Magic    | 4 |  4.9
Transmutations | 2 |  2.0
Conjurations   | 1 |  1.5
Invocations    | 1 |  1.3
Fighting       | 1 |  1.1
Spellcasting   | |  3.0

Action                   |  1- 3 |  4- 6 || total
-------------------------+-------+-------++-------
Melee: Whip              |     1 |     2 ||     3
 Cast: Sandblast         |    41 |    18 ||    59
       Stone Arrow       |     1 |       ||     1
Armor: Robe              |     1 |     1 ||     2
Dodge: Dodged            |     5 |     5 ||    10
